 Dungeon Crawl Stone Soup version 0.27.0-1-g7a089689b8 (webtiles) character file.

Game seed: 11306919901145117814

4 gimp the Sneak (level 1, 0/27 HPs)
             Began as a Human Delver on Aug 9, 2021.
             Slain by a centaur skeleton (1 damage)
             ... on level 7 of the Dungeon.
             The game lasted 00:01:29 (329 turns).

gimp the Sneak (Human Delver)                        Turns: 329, Time: 00:01:29

Health: 0/27       AC: 20    Str: 12    XL:     1   Next: 66%
Magic:  1/1        EV:  2    Int: 10    God:
Gold:   0          SH:  0    Dex: 14    Spells: 0/0 levels left

rFire    . . .     SeeInvis .   a - +0 spear
rCold    . . .     Faith    .   (no shield)
rNeg     + + +     Spirit   .   (armour currently unavailable)
rPois    +         Reflect  .   (helmet currently unavailable)
rElec    .         Harm     .   (cloak currently unavailable)
rCorr    .         Rampage  .   (gloves currently unavailable)
Will     .....     NoTele   +   (boots currently unavailable)
Stlth    +++.......             (no amulet)
HPRegen  0.09/turn              (no ring)
MPRegen  0.07/turn              (no ring)

@: tree-form
A: stationary, stasis, torment immunity, boosted hp
a: no special abilities


You were on level 7 of the Dungeon.
You were a tree.
You visited 1 branch of the dungeon, and saw 3 of its levels.

Inventory:

Hand Weapons
 a - a +0 spear (weapon)
Armour
 b - a +0 leather armour (melded)
Wands
 g - a wand of digging (3)
Scrolls
 c - a scroll of fog
 d - a scroll of magic mapping
 e - a scroll of fear
 i - 2 scrolls of amnesia {unknown}
Potions
 f - a potion of haste
 j - a potion of ambrosia {unknown}


   Skills:
 + Level 3.0 Fighting
 * Level 2.2 Polearms
 + Level 2.1 Dodging
 - Level 5.0 Stealth


You couldn't memorise any spells.
You didn't know any spells.
Your spell library was empty.

Dungeon Overview and Level Annotations

Branches:
Dungeon (7/15)
 Temple: D:4-7

Altars:
Okawaru
Qazlal
Zin


Message History

The centaur skeleton is lightly damaged.
You hit the centaur skeleton.
The centaur skeleton is moderately damaged.
The centaur skeleton hits you. The centaur skeleton kicks you.
The centaur skeleton barely misses you.
The centaur skeleton kicks you but does no damage.
You take 6 damage, and have 12/18 hp.
MASSIVE DAMAGE!!
You hit the centaur skeleton.
The centaur skeleton is moderately damaged.
The centaur skeleton hits you.
The centaur skeleton closely misses you.
You take 4 damage, and have 8/18 hp.
MASSIVE DAMAGE!!
You are too injured to fight recklessly!
You are too injured to fight recklessly!
The centaur skeleton barely misses you. The centaur skeleton misses you.
Reach: a) +0 spear
Press: ? - help, Dir - move target, f/p - centaur skeleton
Aim: a centaur skeleton (moderately damaged, about 2% to evade your +0 spear)
You completely miss the centaur skeleton.
The centaur skeleton is moderately damaged.
The centaur skeleton hits you.
The centaur skeleton closely misses you.
You take 1 damage, and have 7/18 hp.
Reach: a) +0 spear
Press: ? - help, Dir - move target, f/p - centaur skeleton
Aim: a centaur skeleton (moderately damaged, about 2% to evade your +0 spear)
You hit the centaur skeleton.
The centaur skeleton is heavily damaged.
The centaur skeleton barely misses you.
The centaur skeleton closely misses you.
The centaur skeleton hits you.
* * * LOW HITPOINT WARNING * * *
The centaur skeleton kicks you but does no damage.
You take 4 damage, and have 3/18 hp.
MASSIVE DAMAGE!!
It was a potion of lignification.
You turn into a tree.
Your +0 leather armour melds into your body.
Your roots penetrate the ground.
The centaur skeleton hits you.
* * * LOW HITPOINT WARNING * * *
The centaur skeleton kicks you.
You die...

.....##..# #.##.#.#
.....##..# #.##.#.#
.....##..# #.##.#.#
.....##..###.##.#.#
................#.#
..................#
.........######.#.#######.#
..#.####.######.#..........
................♣Z.........
..######.######.#.#######.#
### ### #####


You could see a centaur skeleton.

Vanquished Creatures
  2 orcs
2 creatures vanquished.

Vanquished Creatures (others)
  A plant (D:6)
1 creature vanquished.

Grand Total: 3 creatures vanquished

Notes
Turn   | Place    | Note
-------+----------+-------------------------------------------
     0 | D:5      | gimp the Human Delver began the quest for the Orb.
     0 | D:5      | Reached XP level 1. HP: 18/18 MP: 1/1
     3 | D:5      | Noticed an iguana
     8 | D:6      | Noticed a hound
    39 | D:6      | Noticed an orc warrior
    55 | D:6      | Noticed an ogre
    58 | D:7      | Found a stormy altar of Qazlal.
    60 | D:7      | Found an iron altar of Okawaru.
    66 | D:7      | Noticed an orc warrior
   165 | D:7      | Noticed a bullfrog
   188 | D:7      | Found a glowing silver altar of Zin.
   195 | D:7      | Noticed an ogre
   329 | D:7      | HP: 1/27 [centaur skeleton (4)]
   329 | D:7      | Slain by a centaur skeleton

Illustrated notes

Levels and vault maps discovered:
D:5:      layout_loops_cross, nicolae_ru_path_of_blood, uniq_ijyb, uniq_pikel,
          uniq_blork_the_orc, uniq_edmund
D:6:      corexii_shantytown, layout_cave_pools
D:7:      layout_basic, grunt_qazlal_sundering, kennysheep_mini_moat,
          overflow_temple_1_default, amcnicky_altar_gilded, temple_pool_b

Action                   || total
-------------------------++-------
Melee: Spear             ||    14
  Use: Potion            ||     1
Armor: Leather armour    ||     4
Dodge: Dodged            ||     7
